 Dungeon Sprint DCSS version 0.18-a0-270-ga9d907f (webtiles) character file.

34153 Kidiri the Unseen (level 12, -1/63 HPs)
             Began as a Spriggan Enchanter on Nov 26, 2015.
             Was the Champion of Dithmenos.
             Slain by a death yak (21 damage)
             ... in the Dungeon (Sprint III: "The Ten Rune Challenge").
             The game lasted 00:12:50 (2709 turns).

Kidiri the Unseen (Spriggan Enchanter)              Turns: 2709, Time: 00:12:50

Health: -1/63      AC:  5    Str:  4    XL:     12   Next: 51%
Magic:  9/31       EV: 33    Int: 19    God:    Dithmenos [******]
Gold:   38         SH:  0    Dex: 19    Spells: 9 memorised, 2 levels left

rFire  . . .     SeeInvis +     a - +1 dagger
rCold  . . .     Clarity  .     v - +2 robe {rN+}
rNeg   + . .     SustAt   .     (shield restricted)
rPois  .         Gourm    .     (helmet restricted)
rElec  .         Spirit   .     m - +0 cloak
rCorr  .         Warding  .     (gloves unavailable)
rMut   .         NoTele   +     (boots unavailable)
MR     ++...                    (no amulet)
Stlth  ++++++++++               (no ring)
                                (no ring)

@: wreathed by umbra, very quick, very resistant to hostile enchantments,
uncannily stealthy
A: unfitting armour, see invisible, herbivore 3, speed 3, mutation resistance 1,
slow metabolism 2
a: Shadow Step, Shadow Form, Renounce Religion
}: 1/10 runes: serpentine


You were in the Dungeon.
You worshipped Dithmenos.
Dithmenos was exalted by your worship.
You were not hungry.

You visited 1 branch You collected 38 gold pieces.

Inventory:

Hand Weapons
 a - a +1 dagger (weapon)
Armour
 m - a +0 cloak (worn)
 v - a +2 robe of positive energy (worn)
Scrolls
 k - a scroll of magic mapping {unknown}
 o - 2 scrolls of holy word {unknown}
 q - 2 scrolls of remove curse {unknown}
 t - a scroll of enchant weapon {unknown}
Potions
 c - a potion of might
 g - a potion of haste
 h - a potion of magic
 i - 2 potions of berserk rage
 l - a potion of beneficial mutation {unknown}
 r - 2 potions of cure mutation
 s - 2 potions of flight
Books
 n - an Akashic Record

   Spells                             Type                      Level
   a - Dispersal                      Translocation                6
   b - Malign Gateway                 Summoning/Translocation      7
   c - Disjunction                    Translocation                8
   d - Controlled Blink               Translocation                8
 p - a book of Enchantments

   Spells                             Type                      Level
   a - Cause Fear                     Hexes                        4
   b - Yara's Violent Unravelling     Hexes/Transmutation          5
   c - Silence                        Hexes/Air                    5
   d - Deflect Missiles               Charms/Air                   6
   e - Haste                          Charms                       6
   f - Discord                        Hexes                        8
Comestibles
 b - 6 fruits
 d - a bread ration
 u - 27 royal jellies


   Skills:
 + Level 7.6 Fighting
 * Level 13.2 Short Blades
 + Level 6.8 Armour
 * Level 16.8 Dodging
 * Level 18.3 Stealth
 * Level 14.5 Spellcasting
 + Level 6.6 Conjurations
 + Level 11.0 Hexes
 + Level 8.1 Charms
 + Level 10.5 Translocations
 + Level 7.3 Ice Magic
 + Level 5.1 Air Magic
 - Level 2.2 Invocations


You had 2 spell levels left.
You knew the following spells:

 Your Spells              Type           Power        Failure   Level  Hunger
a - Corona                Hex            ######.      1%          1    None
b - Ensorcelled Hibernat  Hex/Ice        #####.       1%          2    None
c - Confuse               Hex            ######..     1%          3    None
d - Tukima's Dance        Hex            ######..     1%          3    None
e - Dazzling Spray        Conj/Hex       #####...     1%          3    None
f - Cause Fear            Hex            ######....   1%          4    None
g - Controlled Blink      Tloc           N/A          100%        8    #######
h - Deflect Missiles      Chrm/Air       #####.....   54%         6    #####..
i - Discord               Hex            ######....   100%        8    #######


Dungeon Overview and Level Annotations

Branches:
Dungeon (1/1)

Altars:
Cheibriados
Dithmenos
Elyvilon
Fedhas
Gozag
Kikubaaqudgha
Makhleb
Nemelex Xobeh
Okawaru
Qazlal
Ru
Sif Muna
Trog
Vehumet
Xom
Yredelemnul
Zin
The Shining One
Jiyva
Lugonu

Shops:
D !=(


Innate Abilities, Weirdness & Mutations

You are tiny and cannot use many weapons and most armour.
You have supernaturally acute eyesight.
You are a herbivore.
You cover ground extremely quickly.
You need consume almost no food.
You are somewhat resistant to further mutation.


Message History

Press: ? - help, Shift-Dir - straight line, f - death yak, p - death yak
Aim: a death yak (translocational energy, umbra)
The spray of energy hits the death yak.
The death yak is lightly wounded.
The spray of energy hits the death yak.
The death yak is lightly wounded.
The spray of energy hits the death yak.
The death yak is moderately wounded.
The death yak completely misses you. x3
The death yak barely misses you.
Casting: Dazzling Spray
Confirm with . or Enter, or press ? or * to list all spells.
Aiming: Dazzling Spray
Press: ? - help, Shift-Dir - straight line, f - death yak, p - death yak
Aim: a death yak (black smoke, moderately wounded, umbra)
The spray of energy hits the death yak.
The death yak is moderately wounded.
The blink frog is no longer blind.
The blink frog blinks!
The death yak closely misses you. The death yak gores you!!
You die...

+≈≈§≈≈≈≈.≈♣♣.....♣♣♣♣≈
#≈≈≈§≈§§≈≈♣♣.≈≈≈≈'♣♣'♣
#≈≈§≈§§§§≈.'.....#.≈♣♣
#≈.≈§.§§§≈♣♣♣♣♣♣♣#..♣♣
#.≈≈≈§≈§≈≈♣ ###+♣
▓##+####'#######♣
♣♣♣♣.#
▓...............♣♣
♣...##
▓#+#############'♣
♣♣.##. ..
#≈P§Y@Y§.....♣ ♣..#.
▓. +≈§§YY########
♣♣.## ▓ J.#≈§§F§.
♣♣.## J.#≈≈§§P.§ ♣....
# ######### #####


You could see 4 death yaks and a blink frog.

Vanquished Creatures
  Rupert (D)
  Maud (D)
  A greater naga (D)
  Josephine (D)
  2 hydras (D)
  A naga warrior (D)
  A centaur warrior (D)
  5 anacondas (D)
  An unseen horror (D)
  A death drake (D)
  A spriggan druid (D)
  A lindwurm (D)
  A guardian serpent (D)
  3 black mambas (D)
  2 spiny frogs (D)
  A fire drake (D)
  A deep elf priest (D)
  A komodo dragon (D)
  2 giant leeches (D)
  A queen bee (D)
  3 wandering mushrooms (D)
  5 blink frogs (D)
  2 spriggans (D)
  3 redbacks (D)
  A shadow (D)
  A spatial vortex (D)
  2 nagas (D)
  A water moccasin (D)
  A swamp drake (D)
  2 centaurs (D)
  A necrophage (D)
  An earth elemental (D)
  A water elemental (D)
  32 killer bees (D)
  An electric eel (D)
  A jelly (D)
  Crazy Yiuf (D)
  A wizard (D)
  A necromancer (D)
  3 humans (D)
  A kobold demonologist (D)
  6 adders (D)
  4 rats (D)
104 creatures vanquished.

Vanquished Creatures (others)
  2 draconian scorchers (D)
  3 yaktaurs (D)
5 creatures vanquished.

Grand Total: 109 creatures vanquished

Notes
Turn   | Place    | Note
--------------------------------------------------------------
     0 | D        | Kidiri the Spriggan Enchanter began the quest for the Orb.
     0 | D        | Reached XP level 1. HP: 9/9 MP: 5/5
    60 | D        | Killed a yaktaur
   145 | D        | Noticed Crazy Yiuf
   148 | D        | Killed Crazy Yiuf
   148 | D        | Reached skill level 1 in Fighting
   148 | D        | Reached skill level 1 in Armour
   148 | D        | Reached skill level 6 in Stealth
   148 | D        | Reached XP level 2. HP: 12/14 MP: 5/7
   148 | D        | Reached XP level 3. HP: 15/18 MP: 6/9
   156 | D        | Learned a level 2 spell: Ensorcelled Hibernation
   160 | D        | Learned a level 3 spell: Confuse
   164 | D        | Learned a level 3 spell: Dazzling Spray
   193 | D        | Reached skill level 5 in Dodging
   234 | D        | Gained mutation: You are somewhat resistant to further mutation. [potion of mutation]
   235 | D        | Gained mutation: Your magical capacity is low (-10% MP). [potion of mutation]
   236 | D        | Gained mutation: Your magical capacity is very low (-20% MP). [potion of mutation]
   237 | D        | Lost mutation: Your magical capacity is very low (-20% MP). [potion of cure mutation]
   237 | D        | Lost mutation: Your magical capacity is low (-10% MP). [potion of cure mutation]
   264 | D        | Noticed a water elemental
   266 | D        | Killed a water elemental
   266 | D        | Reached skill level 7 in Stealth
   266 | D        | Reached skill level 1 in Conjurations
   266 | D        | Reached skill level 1 in Ice Magic
   266 | D        | Reached XP level 4. HP: 23/23 MP: 9/11
   288 | D        | Noticed a shadow
   290 | D        | Killed a shadow
   290 | D        | Reached skill level 5 in Short Blades
   290 | D        | Reached skill level 9 in Stealth
   290 | D        | Reached skill level 5 in Hexes
   290 | D        | Reached XP level 5. HP: 27/27 MP: 11/14
   294 | D        | Reached XP level 6. HP: 32/32 MP: 12/16
   319 | D        | Found a stormy altar of Qazlal.
   320 | D        | Found a sacrificial altar of Ru.
   320 | D        | Found a burning altar of Makhleb.
   320 | D        | Found a viscous altar of Jiyva.
   320 | D        | Found a shimmering altar of Xom.
   320 | D        | Found a shadowy altar of Dithmenos.
   320 | D        | Found a sparkling altar of Nemelex Xobeh.
   320 | D        | Found a corrupted altar of Lugonu.
   320 | D        | Found an opulent altar of Gozag.
   320 | D        | Noticed a spatial vortex
   324 | D        | Became a worshipper of Dithmenos the Shadowed
   325 | D        | Killed a spatial vortex
   325 | D        | Reached skill level 1 in Invocations
   406 | D        | Killed a white draconian scorcher
   408 | D        | Learned a level 3 spell: Tukima's Dance
   408 | D        | Found a radiant altar of Vehumet.
   409 | D        | Found a deep blue altar of Sif Muna.
   409 | D        | Found an ancient bone altar of Kikubaaqudgha.
   410 | D        | Reached skill level 10 in Stealth
   412 | D        | Reached * piety under Dithmenos
   424 | D        | Learned a level 4 spell: Cause Fear
   434 | D        | Found a glowing silver altar of Zin.
   435 | D        | Found a glowing golden altar of the Shining One.
   435 | D        | Found a white marble altar of Elyvilon.
   435 | D        | Noticed a deep elf priest
   445 | D        | Killed a deep elf priest
   445 | D        | Reached XP level 7. HP: 19/36 MP: 5/19
   445 | D        | Killed a white draconian scorcher
   591 | D        | Found an iron altar of Okawaru.
   592 | D        | Found a bloodstained altar of Trog.
   592 | D        | Noticed a human
   592 | D        | Noticed a human
   594 | D        | Killed a human
   594 | D        | Reached skill level 11 in Stealth
   595 | D        | Killed a human
   595 | D        | Reached skill level 10 in Dodging
   610 | D        | Found a snail-covered altar of Cheibriados.
   611 | D        | Found a basalt altar of Yredelemnul.
   611 | D        | Found a blossoming altar of Fedhas.
   612 | D        | Reached ** piety under Dithmenos
   612 | D        | Reached XP level 8. HP: 42/42 MP: 21/21
   640 | D        | Learned a level 8 spell: Controlled Blink
   641 | D        | Noticed Josephine
   643 | D        | Killed Josephine
   643 | D        | Reached skill level 12 in Stealth
   669 | D        | Noticed a centaur warrior
   671 | D        | Reached XP level 9. HP: 46/46 MP: 23/23
   673 | D        | Killed a centaur warrior
   673 | D        | Reached *** piety under Dithmenos
   673 | D        | Reached skill level 13 in Stealth
   673 | D        | Reached skill level 10 in Spellcasting
   729 | D        | Noticed an unseen horror
   731 | D        | Killed an unseen horror
   731 | D        | Reached skill level 5 in Fighting
   731 | D        | Reached skill level 5 in Translocations
   745 | D        | Reached **** piety under Dithmenos
   753 | D        | Reached skill level 14 in Stealth
   763 | D        | Reached ***** piety under Dithmenos
   970 | D        | Reached skill level 5 in Ice Magic
   973 | D        | Reached XP level 10. HP: 49/51 MP: 10/26
   975 | D        | Reached skill level 10 in Short Blades
   996 | D        | Reached skill level 5 in Armour
  1000 | D        | Reached ****** piety under Dithmenos
  1292 | D        | Learned a level 6 spell: Deflect Missiles
  1357 | D        | Reached skill level 15 in Stealth
  1359 | D        | Reached skill level 1 in Charms
  1404 | D        | Reached skill level 1 in Air Magic
  1474 | D        | Reached skill level 5 in Conjurations
  1588 | D        | Noticed a lindwurm
  1591 | D        | Killed a lindwurm
  1601 | D        | Noticed Maud
  1603 | D        | Killed Maud
  1603 | D        | Reached skill level 16 in Stealth
  1603 | D        | Reached XP level 11. HP: 56/56 MP: 28/28
  1611 | D        | Noticed a seven-headed hydra
  1611 | D        | Noticed a four-headed hydra
  1615 | D        | Killed a seven-headed hydra
  1616 | D        | Killed a four-headed hydra
  1616 | D        | Reached skill level 5 in Charms
  1659 | D        | Noticed a death drake
  1661 | D        | Killed a death drake
  1661 | D        | Reached skill level 15 in Dodging
  1668 | D        | Found a blossoming altar of Fedhas.
  1668 | D        | Noticed a spriggan druid
  1670 | D        | Killed a spriggan druid
  1709 | D        | Noticed an anaconda
  1709 | D        | Noticed an anaconda
  1713 | D        | Reached skill level 10 in Hexes
  1717 | D        | Killed an anaconda
  1718 | D        | Killed an anaconda
  1718 | D        | Reached skill level 17 in Stealth
  1747 | D        | Noticed an anaconda
  1747 | D        | Noticed an anaconda
  1747 | D        | Noticed an anaconda
  1748 | D        | Killed an anaconda
  1750 | D        | Killed an anaconda
  1987 | D        | Killed an anaconda
  1987 | D        | Reached XP level 12. HP: 63/63 MP: 14/30
  2232 | D        | Learned a level 8 spell: Discord
  2233 | D        | Noticed a naga warrior
  2233 | D        | Noticed a greater naga
  2233 | D        | Found Jejurch Yczoi's Distillery.
  2233 | D        | Found Ituib's Jewellery Shoppe.
  2233 | D        | Found Xiacioky's Antique Weapon Boutique.
  2236 | D        | Killed a greater naga
  2237 | D        | Killed a naga warrior
  2237 | D        | Reached skill level 10 in Translocations
  2268 | D        | Got a serpentine rune of Zot
  2351 | D        | Reached skill level 18 in Stealth
  2457 | D        | Noticed Rupert
  2514 | D        | Killed Rupert
  2514 | D        | Reached skill level 5 in Air Magic
  2702 | D        | Noticed an azure jelly
  2702 | D        | Noticed an azure jelly
  2709 | D        | Slain by a death yak

Vault maps used:
D:        dungeon_sprint_mu

Action                   |  1- 3 |  4- 6 |  7- 9 | 10-12 || total
-------------------------+-------+-------+-------+-------++-------
Melee: Dagger            |    16 |    10 |    32 |   142 ||   200
 Cast: Ensorcelled Hiber |     1 |       |    10 |    33 ||    44
       Tukima's Dance    |       |     2 |       |     1 ||     3
       Dazzling Spray    |       |     1 |     3 |    22 ||    26
       Confuse           |       |       |     5 |    13 ||    18
       Cause Fear        |       |       |       |     1 ||     1
Invok: Shadow Step       |       |       |       |    17 ||    17
  Use: Potion            |     4 |       |       |     3 ||     7
       Scroll            |     2 |       |       |     1 ||     3
 Stab: Sleeping          |     5 |     5 |    19 |    51 ||    80
       Invisible         |       |     1 |     1 |       ||     2
       Confused          |       |       |     4 |     8 ||    12
